WCHLSIM.com - West Coast Hockey League
html PUBLIC "-//W3C//DTD XHTML 1.0 Transitional//EN" "http://www.w3.org/TR/xhtml1/DTD/xhtml1-transitional.dtd"> WCHL - Game 731 - COLORADO GLACIERCATS vs OKANAGAN RATTLESNAKES

COLORADO GLACIERCATS vs OKANAGAN RATTLESNAKES

Created - 26 janvier 2024 at 08:14

Goals
1 2 3 T
COLORADO GLACIERCATS 0 2 1 3
OKANAGAN RATTLESNAKES 0 0 0 0
Shots
1 2 3 T
COLORADO GLACIERCATS 15 14 12 41
OKANAGAN RATTLESNAKES 4 3 5 12

1st period

No Goal

Penalties :
Vince Dunn (COL) for Hooking (Minor) at 9:32, Jeremy Lauzon (OKA) for Interference (Minor) at 12:53, Jordie Benn (OKA) for High sticking (Minor) at 17:56

2nd period

1. COLORADO GLACIERCATS , Tage Thompson 16 (Anze Kopitar 32, Devon Toews 25) at 8:23
2. COLORADO GLACIERCATS , Leon Draisaitl 24 (Anze Kopitar 33, Jamie Benn 25) at 15:57 (PP)

Penalties :
Arber Xhekaj (OKA) for High sticking (Minor) at 14:47

3rd period

3. COLORADO GLACIERCATS , Tage Thompson 17 (Jamie Benn 26, Anze Kopitar 34) at 0:17

Penalties :
Kristopher Letang (COL) for Roughing (Minor) at 1:23, Jeremy Lauzon (OKA) for Slashing (Minor) at 4:02, Nazem Kadri (OKA) for Interference (Minor) at 15:17

Goalie Stats

Andrei Vasilevskiy (COL), 12 saves from 12 shots - (1,000), W, 28-9-2, 60:00 minutes
James Reimer (OKA), 38 saves from 41 shots - (0,927), L, 14-24-5, 60:00 minutes

Players Stats for COLORADO GLACIERCATS

Player Name              G  A  P  +/- PIM S  H  SB GA TA FO     MP     PP MP  PK MP  
------------------------------------------------------------------------------------
Adam Ruzicka             0  0  0   0  0   0  0  0  0  0  1/3     4:12   0:00   0:00 
Alexander Wennberg       0  0  0   0  0   3  1  0  0  0  14/21  13:37   0:00   2:09 
Anze Kopitar             0  3  3   2  0   6  0  0  0  0  20/23  21:26   4:16   1:49 
Bryan Rust               0  0  0   0  0   6  0  0  0  0  0/0    18:27   4:50   2:09 
Cole Perfetti            0  0  0   0  0   1  1  0  0  0  0/0    12:10   0:42   0:00 
Devon Toews              0  1  1   1  0   1  1  3  0  0  0/0    24:37   4:22   1:57 
Dylan Samberg            0  0  0   0  0   0  1  0  0  0  0/0    12:11   0:00   0:00 
Jamie Benn               0  2  2   2  0   2  1  0  0  0  2/2    19:37   4:16   0:00 
Kristopher Letang        0  0  0   1  2   0  1  1  0  0  0/0    23:55   4:22   0:57 
Leon Draisaitl           1  0  1   0  0   6  0  0  0  0  15/25  23:41   3:34   0:00 
Mario Ferraro            0  0  0   0  0   1  1  1  0  0  0/0    14:02   0:00   1:51 
Matt Martin              0  0  0   0  0   0  0  0  0  0  0/0     0:00   0:00   0:00 
Nino Niederreiter        0  0  0   0  0   0  5  0  0  0  3/5    15:55   0:00   0:00 
Tage Thompson            2  0  2   2  0   4  0  0  0  0  2/8    20:11   4:50   0:00 
Tomas Hertl              0  0  0   0  0   5  0  0  0  0  0/2    22:34   4:50   1:49 
Trevor Moore             0  0  0   0  0   1  0  0  0  0  0/0     4:12   0:00   0:00 
Vince Dunn               0  0  0   1  2   2  2  1  0  0  0/0    22:14   4:44   1:04 
Vladislav Gavrikov       0  0  0   1  0   3  2  0  0  0  0/0    22:59   4:44   2:07 

Players Stats for OKANAGAN RATTLESNAKES

Player Name              G  A  P  +/- PIM S  H  SB GA TA FO     MP     PP MP  PK MP  
------------------------------------------------------------------------------------
Anders Lee               0  0  0  -1  0   4  0  0  0  0  1/5    21:36   2:18   3:16 
Arber Xhekaj             0  0  0  -2  2   0  1  1  0  0  0/0    14:52   0:00   3:40 
Blake Coleman            0  0  0   0  0   0  1  0  0  0  0/0    16:25   1:40   0:00 
Casey Cizikas            0  0  0  -1  0   1  1  1  0  0  9/21   16:30   1:46   5:50 
Colton Parayko           0  0  0   0  0   1  0  5  0  0  0/0    27:39   2:37   5:29 
Esa Lindell              0  0  0   0  0   0  2  1  0  0  0/0    22:48   2:37   0:38 
Jeremy Lauzon            0  0  0   0  4   0  1  1  0  0  0/0    19:01   1:21   1:32 
Jordie Benn              0  0  0  -2  2   0  0  1  0  0  0/0    13:23   0:00   2:11 
Josh Manson              0  0  0   0  0   0  1  0  0  0  0/0    21:47   1:21   4:16 
Jujhar Khaira            0  0  0  -1  0   0  2  0  0  0  10/23  23:08   2:18   4:48 
Kevin Labanc             0  0  0  -1  0   2  0  0  0  0  0/2     8:54   0:00   0:00 
Lars Eller               0  0  0   0  0   1  1  0  0  0  8/22   19:41   1:40   3:16 
Mike Hoffman             0  0  0   0  0   1  1  0  0  0  0/3    16:25   1:40   0:00 
Nazem Kadri              0  0  0   0  2   0  0  0  0  0  0/0     7:14   0:00   0:00 
Oskar Sundqvist          0  0  0   0  0   0  0  0  0  0  2/7     8:17   0:00   1:02 
Pierre-Edouard Bellemare 0  0  0   0  0   0  1  0  0  0  0/1     7:15   0:00   0:00 
Stefan Noesen            0  0  0  -1  0   1  0  0  0  0  1/1     8:54   0:00   0:00 
T.J. Oshie               0  0  0  -1  0   1  3  0  0  0  1/4    17:00   0:32   0:26 

3 Stars

1 - Tage Thompson (COL)
2 - Anze Kopitar (COL)
3 - Jamie Benn (COL)

Power Play

COLORADO GLACIERCATS - 1 on 5 Attempt(s) - 20,00%
OKANAGAN RATTLESNAKES - 0 on 2 Attempt(s) - 0,00%

Penalty Kill

COLORADO GLACIERCATS - 2 on 2 Attempt(s) - 100,00% - Score 0 goal in Penalty Kill
OKANAGAN RATTLESNAKES - 4 on 5 Attempt(s) - 80,00% - Score 0 goal in Penalty Kill

Team Stat

COLORADO GLACIERCATS - Hits : 16 - Faceoff Wins : 57 - Blocked Shots : 6 - Penalty Minutes : 4
OKANAGAN RATTLESNAKES - Hits : 15 - Faceoff Wins : 32 - Blocked Shots : 10 - Penalty Minutes : 10

Official

Referees : Francois St-Laurent and Mitch Dunning
Linesman : Tony Sericolo and Derek Amell

Game Notes

No Game Note

Finance

Level 1 -- Attendance: 4750 (79,17%) -- Ticket Income 950 000 $
Level 2 -- Attendance: 4616 (92,32%) -- Ticket Income 577 000 $
Level 3 -- Attendance: 1825 (91,25%) -- Ticket Income 198 925 $
Level 4 -- Attendance: 3692 (92,30%) -- Ticket Income 254 748 $
Luxury Box -- Attendance: 1000 (100,00%) -- Ticket Income 300 000 $
Total Attendance: 15883 (88,24%)
Total Ticket Income: 2 280 673 $
Other Expense: 22 807 $
Total Income: 2 257 866 $

COLORADO GLACIERCATS

5 vs 5 Forward 
   Center                   Left Wing                Right Wing               Time % Phy DF OF 
 1 Anze Kopitar             Jamie Benn               Tage Thompson            35     0   1  4  
 2 Leon Draisaitl           Tomas Hertl              Nino Niederreiter        35     0   1  4  
 3 Alexander Wennberg       Cole Perfetti            Bryan Rust               26     0   3  2  
 4 Adam Ruzicka             Trevor Moore             Leon Draisaitl           4      0   2  3  

5 vs 5 Defense 
   Defense                  Defense                                           Time % Phy DF OF 
 1 Kristopher Letang        Devon Toews                                       40     0   2  3  
 2 Vladislav Gavrikov       Vince Dunn                                        36     0   2  3  
 3 Mario Ferraro            Dylan Samberg                                     20     0   4  1  
 4 Kristopher Letang        Vince Dunn                                        4      0   1  4  

PowerPlay Forward 
   Center                   Left Wing                Right Wing               Time % Phy DF OF 
 1 Anze Kopitar             Jamie Benn               Leon Draisaitl           50     0   0  5  
 2 Tage Thompson            Tomas Hertl              Bryan Rust               50     1   0  4  

PowerPlay Defense
   Defense                  Defense                                           Time % Phy DF OF 
 1 Kristopher Letang        Devon Toews                                       55     0   0  5  
 2 Vince Dunn               Vladislav Gavrikov                                45     0   0  5  

Penalty Kill 4 Players Forward 
   Center                   Wing                     Time % Phy DF OF 
 1 Alexander Wennberg       Bryan Rust               50     0   5  0  
 2 Anze Kopitar             Tomas Hertl              50     0   5  0  

Penalty Kill 4 Players Defense
   Defense                  Defense                  Time % Phy DF OF 
 1 Vladislav Gavrikov       Kristopher Letang        50     0   5  0  
 2 Devon Toews              Mario Ferraro            50     0   5  0  

Penalty Kill - 3 Players Forward 
   Forward                                           Time % Phy DF OF 
 1 Tomas Hertl                                       50     0   5  0  
 2 Alexander Wennberg                                50     0   5  0  

Penalty Kill - 3 Players Defense
   Defense                  Defense                  Time % Phy DF OF 
 1 Vladislav Gavrikov       Kristopher Letang        50     0   5  0  
 2 Devon Toews              Mario Ferraro            50     0   5  0  

4 vs 4 Forward 
   Center                   Wing                     Time % Phy DF OF 
 1 Anze Kopitar             Tage Thompson            50     0   1  4  
 2 Leon Draisaitl           Tomas Hertl              50     0   1  4  

4 vs 4 Defense
   Defense                  Defense                  Time % Phy DF OF 
 1 Kristopher Letang        Vladislav Gavrikov       45     0   3  2  
 2 Devon Toews              Vince Dunn               55     0   3  2  

Last Minutes Offensive
   Center                   Left Wing                Right Wing               Defense                  Defense                  
   Anze Kopitar             Tage Thompson            Leon Draisaitl           Kristopher Letang        Devon Toews              

Last Minutes Defensive
   Center                   Left Wing                Right Wing               Defense                  Defense                  
   Alexander Wennberg       Tomas Hertl              Leon Draisaitl           Devon Toews              Vladislav Gavrikov       

Goaltenders
Starting : Andrei Vasilevskiy       
Backup : Pheonix Copley           

Extra Forwards
Normal : Leon Draisaitl, Anze Kopitar, Tomas Hertl - PP : Cole Perfetti, Alexander Wennberg - PK : Jamie Benn
Extra Defensemen
Normal : Vince Dunn, Mario Ferraro, Dylan Samberg - PP : Vince Dunn - PK : Vince Dunn, Vladislav Gavrikov
Penalty Shots
Tage Thompson, Leon Draisaitl, Anze Kopitar, Tomas Hertl, Jamie Benn
Custom OT Lines Forwards
Leon Draisaitl, Anze Kopitar, Tomas Hertl, Tage Thompson, Jamie Benn, Bryan Rust, Alexander Wennberg, Cole Perfetti, Nino Niederreiter, Trevor Moore
Custom OT Lines Defensemen
Devon Toews, Kristopher Letang, Vince Dunn, Vladislav Gavrikov, Mario Ferraro

Scratches
None

OKANAGAN RATTLESNAKES

5 vs 5 Forward 
   Center                   Left Wing                Right Wing               Time % Phy DF OF 
 1 Jujhar Khaira            Anders Lee               T.J. Oshie               36     1   2  2  
 2 Lars Eller               Mike Hoffman             Blake Coleman            31     1   2  2  
 3 Casey Cizikas            Kevin Labanc             Stefan Noesen            23     1   2  2  
 4 Oskar Sundqvist          Pierre-Edouard Bellemare Nazem Kadri              10     1   2  2  

5 vs 5 Defense 
   Defense                  Defense                                           Time % Phy DF OF 
 1 Colton Parayko           Esa Lindell                                       36     1   2  2  
 2 Josh Manson              Jeremy Lauzon                                     31     1   2  2  
 3 Arber Xhekaj             Jordie Benn                                       23     1   2  2  
 4 Colton Parayko           Esa Lindell                                       10     1   2  2  

PowerPlay Forward 
   Center                   Left Wing                Right Wing               Time % Phy DF OF 
 1 Jujhar Khaira            Anders Lee               Casey Cizikas            55     1   2  2  
 2 Lars Eller               Mike Hoffman             Blake Coleman            45     1   2  2  

PowerPlay Defense
   Defense                  Defense                                           Time % Phy DF OF 
 1 Colton Parayko           Esa Lindell                                       55     1   2  2  
 2 Josh Manson              Jeremy Lauzon                                     45     1   2  2  

Penalty Kill 4 Players Forward 
   Center                   Wing                     Time % Phy DF OF 
 1 Casey Cizikas            Jujhar Khaira            55     1   2  2  
 2 Anders Lee               Lars Eller               45     1   2  2  

Penalty Kill 4 Players Defense
   Defense                  Defense                  Time % Phy DF OF 
 1 Colton Parayko           Arber Xhekaj             55     1   2  2  
 2 Josh Manson              Jeremy Lauzon            45     1   2  2  

Penalty Kill - 3 Players Forward 
   Forward                                           Time % Phy DF OF 
 1 Anders Lee                                        55     1   2  2  
 2 Jujhar Khaira                                     45     1   2  2  

Penalty Kill - 3 Players Defense
   Defense                  Defense                  Time % Phy DF OF 
 1 Colton Parayko           Jordie Benn              55     1   2  2  
 2 Josh Manson              Jeremy Lauzon            45     1   2  2  

4 vs 4 Forward 
   Center                   Wing                     Time % Phy DF OF 
 1 Jujhar Khaira            Casey Cizikas            55     1   2  2  
 2 Anders Lee               Lars Eller               45     1   2  2  

4 vs 4 Defense
   Defense                  Defense                  Time % Phy DF OF 
 1 Colton Parayko           Arber Xhekaj             55     1   2  2  
 2 Josh Manson              Jeremy Lauzon            45     1   2  2  

Last Minutes Offensive
   Center                   Left Wing                Right Wing               Defense                  Defense                  
   Jujhar Khaira            Anders Lee               T.J. Oshie               Colton Parayko           Esa Lindell              

Last Minutes Defensive
   Center                   Left Wing                Right Wing               Defense                  Defense                  
   Jujhar Khaira            Anders Lee               T.J. Oshie               Colton Parayko           Esa Lindell              

Goaltenders
Starting : James Reimer             
Backup : Jack Campbell            

Extra Forwards
Normal : Jujhar Khaira, Casey Cizikas, Oskar Sundqvist - PP : Jujhar Khaira, Casey Cizikas - PK : Oskar Sundqvist
Extra Defensemen
Normal : Arber Xhekaj, Jordie Benn, Josh Manson - PP : Arber Xhekaj - PK : Jordie Benn, Josh Manson
Penalty Shots
Oskar Sundqvist, Jujhar Khaira, Anders Lee, Lars Eller, Casey Cizikas
Custom OT Lines Forwards
Jujhar Khaira, T.J. Oshie, Anders Lee, Lars Eller, Casey Cizikas, Mike Hoffman, Blake Coleman, Oskar Sundqvist, Kevin Labanc, Pierre-Edouard Bellemare
Custom OT Lines Defensemen
Colton Parayko, Jordie Benn, Josh Manson, Jeremy Lauzon, Arber Xhekaj

Scratches
Austin Osmanski (Healthy), Adam Clendening (Healthy), Colin White (Healthy), Spencer Martin (Healthy)

% Time on Ice - COLORADO GLACIERCATS

Lines # - Real PCT - Wanted PCT - Time Play
Normal Forward
1 - 33% - 35% - 15:21
2 - 34% - 35% - 15:55
3 - 24% - 26% - 11:28
4 - 9% - 4% - 4:12
Normal Defense
1 - 39% - 40% - 18:18
2 - 34% - 36% - 16:08
3 - 26% - 20% - 12:11
4 - 1% - 4% - 0:19
PP Forward
1 - 47% - 50% - 4:16
2 - 53% - 50% - 4:50
PP Defense
1 - 48% - 55% - 4:22
2 - 52% - 45% - 4:44
PK Forward
1 - 54% - 50% - 2:09
2 - 46% - 50% - 1:49
PK Defense
1 - 53% - 50% - 2:07
2 - 47% - 50% - 1:51
PK3 Forward
1 - 0% - 50%
2 - 0% - 50%
PK3 Defense
1 - 0% - 50%
2 - 0% - 50%
44 Forward
1 - 0% - 50%
2 - 0% - 50%
44 Defense
1 - 0% - 45%
2 - 0% - 55%
Last Minute Offensive  - 0:00
Last Minute Defensive  - 0:00
Total
Forward - 60:00
Defense - 60:00

% Time on Ice - OKANAGAN RATTLESNAKES

Lines # - Real PCT - Wanted PCT - Time Play
Normal Forward
1 - 34% - 36% - 16:02
2 - 31% - 31% - 14:45
3 - 19% - 23% - 8:54
4 - 15% - 10% - 7:15
Normal Defense
1 - 37% - 36% - 17:33
2 - 34% - 31% - 16:10
3 - 24% - 23% - 11:13
4 - 4% - 10% - 2:00
PP Forward
1 - 58% - 55% - 2:18
2 - 42% - 45% - 1:40
PP Defense
1 - 66% - 55% - 2:37
2 - 34% - 45% - 1:21
PK Forward
1 - 64% - 55% - 5:50
2 - 36% - 45% - 3:16
PK Defense
1 - 57% - 55% - 5:10
2 - 43% - 45% - 3:56
PK3 Forward
1 - 0% - 55%
2 - 0% - 45%
PK3 Defense
1 - 0% - 55%
2 - 0% - 45%
44 Forward
1 - 0% - 55%
2 - 0% - 45%
44 Defense
1 - 0% - 55%
2 - 0% - 45%
Last Minute Offensive  - 0:00
Last Minute Defensive  - 0:00
Total
Forward - 60:00
Defense - 60:00

Play-by-Play

1st period


0:01 of 1st period - Jamie Benn wins face-off versus Jujhar Khaira in neutral zone.
0:06 of 1st period - Shot by Jamie Benn.
0:06 of 1st period - Shot Misses the Net.
0:16 of 1st period - Colton Parayko is hit by Jamie Benn and loses puck.
0:28 of 1st period - Icing by Esa Lindell.
0:29 of 1st period - Leon Draisaitl wins face-off versus Anders Lee in OKANAGAN RATTLESNAKES zone.
0:47 of 1st period - Icing by Colton Parayko.
0:48 of 1st period - Jujhar Khaira wins face-off versus Alexander Wennberg in OKANAGAN RATTLESNAKES zone.
0:55 of 1st period - Shot by Anders Lee.
0:55 of 1st period - Shot Misses the Net.
0:59 of 1st period - Shot by Anders Lee.
0:59 of 1st period - Stopped by Andrei Vasilevskiy without a rebound.
1:00 of 1st period - Lars Eller wins face-off versus Adam Ruzicka in COLORADO GLACIERCATS zone.
1:05 of 1st period - Shot by Mike Hoffman.
1:05 of 1st period - Shot Blocked by Vince Dunn.
1:29 of 1st period - Shot by Trevor Moore.
1:29 of 1st period - Stopped by James Reimer without a rebound.
1:30 of 1st period - Alexander Wennberg wins face-off versus Casey Cizikas in OKANAGAN RATTLESNAKES zone.
1:59 of 1st period - Shot by Casey Cizikas.
1:59 of 1st period - Stopped by Andrei Vasilevskiy without a rebound.
2:00 of 1st period - Oskar Sundqvist wins face-off versus Leon Draisaitl in COLORADO GLACIERCATS zone.
3:37 of 1st period - Jeremy Lauzon is hit by Vince Dunn.
3:46 of 1st period - Jamie Benn is hit by Lars Eller and loses puck.
4:33 of 1st period - Shot by Bryan Rust.
4:33 of 1st period - Deflect By Alexander Wennberg.
4:33 of 1st period - Shot Misses the Net.
4:35 of 1st period - Shot by Bryan Rust.
4:35 of 1st period - Stopped by James Reimer with a rebound.
4:49 of 1st period - Shot by Bryan Rust.
4:49 of 1st period - Shot Misses the Net.
4:51 of 1st period - Shot by Bryan Rust.
4:51 of 1st period - Stopped by James Reimer without a rebound.
4:52 of 1st period - Casey Cizikas wins face-off versus Nino Niederreiter in OKANAGAN RATTLESNAKES zone.
4:52 of 1st period - Casey Cizikas is hit by Nino Niederreiter.
5:34 of 1st period - Shot by Tomas Hertl.
5:34 of 1st period - Stopped by James Reimer without a rebound.
5:35 of 1st period - Lars Eller wins face-off versus Alexander Wennberg in OKANAGAN RATTLESNAKES zone.
5:46 of 1st period - Shot by Mike Hoffman.
5:46 of 1st period - Shot Misses the Net.
5:52 of 1st period - Shot by Mike Hoffman.
5:52 of 1st period - Stopped by Andrei Vasilevskiy without a rebound.
5:53 of 1st period - Anze Kopitar wins face-off versus Oskar Sundqvist in COLORADO GLACIERCATS zone.
6:04 of 1st period - Shot by Anze Kopitar.
6:04 of 1st period - Stopped by James Reimer without a rebound.
6:05 of 1st period - Leon Draisaitl wins face-off versus Jujhar Khaira in OKANAGAN RATTLESNAKES zone.
6:32 of 1st period - Shot by Tomas Hertl.
6:32 of 1st period - Shot Misses the Net.
6:44 of 1st period - Shot by Tomas Hertl.
6:44 of 1st period - Stopped by James Reimer without a rebound.
6:45 of 1st period - Anze Kopitar wins face-off versus Lars Eller in OKANAGAN RATTLESNAKES zone.
6:46 of 1st period - Shot by Tage Thompson.
6:46 of 1st period - Stopped by James Reimer without a rebound.
6:47 of 1st period - Anze Kopitar wins face-off versus Lars Eller in OKANAGAN RATTLESNAKES zone.
7:21 of 1st period - Off-side.
7:22 of 1st period - Alexander Wennberg wins face-off versus Casey Cizikas in neutral zone.
7:47 of 1st period - Shot by Alexander Wennberg.
7:47 of 1st period - Stopped by James Reimer without a rebound.
7:48 of 1st period - Leon Draisaitl wins face-off versus Jujhar Khaira in OKANAGAN RATTLESNAKES zone.
8:11 of 1st period - Shot by Tomas Hertl.
8:11 of 1st period - Stopped by James Reimer without a rebound.
8:12 of 1st period - Anze Kopitar wins face-off versus Lars Eller in OKANAGAN RATTLESNAKES zone.
8:15 of 1st period - Shot by Tage Thompson.
8:15 of 1st period - Deflect By Jamie Benn.
8:15 of 1st period - Shot Misses the Net.
8:17 of 1st period - Shot by Jamie Benn.
8:17 of 1st period - Shot Misses the Net.
8:19 of 1st period - Shot by Anze Kopitar.
8:19 of 1st period - Shot Blocked by Colton Parayko.
8:21 of 1st period - Shot by Vince Dunn.
8:21 of 1st period - Stopped by James Reimer without a rebound.
8:22 of 1st period - Casey Cizikas wins face-off versus Leon Draisaitl in OKANAGAN RATTLESNAKES zone.
8:22 of 1st period - Casey Cizikas is hit by Nino Niederreiter.
8:38 of 1st period - Devon Toews is hit by Casey Cizikas and loses puck.
8:57 of 1st period - Shot by Tomas Hertl.
8:57 of 1st period - Shot Blocked by Casey Cizikas.
9:32 of 1st period - Minor Penalty to Vince Dunn for Hooking.
9:33 of 1st period - Alexander Wennberg wins face-off versus Lars Eller in COLORADO GLACIERCATS zone.
10:40 of 1st period - Jujhar Khaira is hit by Mario Ferraro and loses puck.
10:59 of 1st period - Shot by Colton Parayko.
10:59 of 1st period - Stopped by Andrei Vasilevskiy without a rebound.
11:00 of 1st period - Alexander Wennberg wins face-off versus Jujhar Khaira in COLORADO GLACIERCATS zone.
11:43 of 1st period - Shot by Trevor Moore.
11:43 of 1st period - Shot Misses the Net.
12:28 of 1st period - Icing by Dylan Samberg.
12:29 of 1st period - Lars Eller wins face-off versus Tage Thompson in COLORADO GLACIERCATS zone.
12:40 of 1st period - Shot by Tage Thompson.
12:40 of 1st period - Shot Misses the Net.
12:46 of 1st period - Shot by Anze Kopitar.
12:46 of 1st period - Shot Misses the Net.
12:48 of 1st period - Shot by Anze Kopitar.
12:48 of 1st period - Deflect By Jamie Benn.
12:48 of 1st period - Shot Misses the Net.
12:53 of 1st period - Minor Penalty to Jeremy Lauzon for Interference.
12:54 of 1st period - Casey Cizikas wins face-off versus Tage Thompson in OKANAGAN RATTLESNAKES zone.
13:05 of 1st period - Shot by Bryan Rust.
13:05 of 1st period - Stopped by James Reimer without a rebound.
13:06 of 1st period - Casey Cizikas wins face-off versus Anze Kopitar in OKANAGAN RATTLESNAKES zone.
13:19 of 1st period - Shot by Anze Kopitar.
13:19 of 1st period - Deflect By Jamie Benn.
13:19 of 1st period - Stopped by James Reimer without a rebound.
13:20 of 1st period - Casey Cizikas wins face-off versus Tage Thompson in OKANAGAN RATTLESNAKES zone.
13:26 of 1st period - Icing by Vladislav Gavrikov.
13:27 of 1st period - Casey Cizikas wins face-off versus Tage Thompson in COLORADO GLACIERCATS zone.
14:27 of 1st period - Icing by Devon Toews.
14:28 of 1st period - Anze Kopitar wins face-off versus Anders Lee in COLORADO GLACIERCATS zone.
14:35 of 1st period - Shot by Kristopher Letang.
14:35 of 1st period - Shot Misses the Net.
15:02 of 1st period - Shot by Alexander Wennberg.
15:02 of 1st period - Stopped by James Reimer without a rebound.
15:03 of 1st period - Lars Eller wins face-off versus Adam Ruzicka in OKANAGAN RATTLESNAKES zone.
15:14 of 1st period - Shot by Leon Draisaitl.
15:14 of 1st period - Stopped by James Reimer with a rebound.
16:52 of 1st period - Icing by Jeremy Lauzon.
16:53 of 1st period - Alexander Wennberg wins face-off versus Jujhar Khaira in OKANAGAN RATTLESNAKES zone.
17:35 of 1st period - Icing by T.J. Oshie.
17:36 of 1st period - Jujhar Khaira wins face-off versus Tomas Hertl in OKANAGAN RATTLESNAKES zone.
17:56 of 1st period - Minor Penalty to Jordie Benn for High sticking.
17:57 of 1st period - Leon Draisaitl wins face-off versus Casey Cizikas in OKANAGAN RATTLESNAKES zone.
18:37 of 1st period - Shot by Anze Kopitar.
18:37 of 1st period - Shot Misses the Net.
18:39 of 1st period - Shot by Leon Draisaitl.
18:39 of 1st period - Deflect By Anze Kopitar.
18:39 of 1st period - Shot Misses the Net.
18:41 of 1st period - Shot by Anze Kopitar.
18:41 of 1st period - Shot Blocked by Colton Parayko.
18:43 of 1st period - Shot by Devon Toews.
18:43 of 1st period - Shot Misses the Net.
19:29 of 1st period - Shot by Vince Dunn.
19:29 of 1st period - Stopped by James Reimer without a rebound.
19:30 of 1st period - Anze Kopitar wins face-off versus Casey Cizikas in OKANAGAN RATTLESNAKES zone.
Goals for this period are 0 for COLORADO GLACIERCATS vs 0 for OKANAGAN RATTLESNAKES.
Shots for this period are 15 for COLORADO GLACIERCATS vs 4 for OKANAGAN RATTLESNAKES.

2nd period


0:01 of 2nd period - Nino Niederreiter wins face-off versus Jujhar Khaira in neutral zone.
0:22 of 2nd period - Shot by Anders Lee.
0:22 of 2nd period - Stopped by Andrei Vasilevskiy without a rebound.
0:23 of 2nd period - Anze Kopitar wins face-off versus Casey Cizikas in COLORADO GLACIERCATS zone.
0:35 of 2nd period - Icing by Stefan Noesen.
0:36 of 2nd period - Casey Cizikas wins face-off versus Leon Draisaitl in OKANAGAN RATTLESNAKES zone.
2:02 of 2nd period - Shot by Anze Kopitar.
2:02 of 2nd period - Stopped by James Reimer without a rebound.
2:03 of 2nd period - Jujhar Khaira wins face-off versus Alexander Wennberg in OKANAGAN RATTLESNAKES zone.
2:03 of 2nd period - Jujhar Khaira is hit by Alexander Wennberg.
2:11 of 2nd period - Alexander Wennberg is hit by T.J. Oshie and loses puck.
2:32 of 2nd period - Shot by Bryan Rust.
2:32 of 2nd period - Shot Blocked by Esa Lindell.
2:34 of 2nd period - Shot by Mario Ferraro.
2:34 of 2nd period - Stopped by James Reimer with a rebound.
2:45 of 2nd period - Anders Lee is hit by Dylan Samberg.
3:13 of 2nd period - Shot by Anze Kopitar.
3:13 of 2nd period - Stopped by James Reimer without a rebound.
3:14 of 2nd period - Nino Niederreiter wins face-off versus Mike Hoffman in OKANAGAN RATTLESNAKES zone.
3:19 of 2nd period - Shot by Leon Draisaitl.
3:19 of 2nd period - Stopped by James Reimer without a rebound.
3:20 of 2nd period - Leon Draisaitl wins face-off versus Lars Eller in OKANAGAN RATTLESNAKES zone.
3:21 of 2nd period - Shot by Devon Toews.
3:21 of 2nd period - Stopped by James Reimer without a rebound.
3:22 of 2nd period - Lars Eller wins face-off versus Leon Draisaitl in OKANAGAN RATTLESNAKES zone.
3:33 of 2nd period - Blake Coleman is hit by Nino Niederreiter and loses puck.
3:42 of 2nd period - Lars Eller is hit by Nino Niederreiter and loses puck.
4:37 of 2nd period - Icing by Vladislav Gavrikov.
4:38 of 2nd period - Anze Kopitar wins face-off versus Jujhar Khaira in COLORADO GLACIERCATS zone.
4:38 of 2nd period - Anze Kopitar is hit by Jujhar Khaira.
5:01 of 2nd period - Icing by Colton Parayko.
5:02 of 2nd period - Jujhar Khaira wins face-off versus Alexander Wennberg in OKANAGAN RATTLESNAKES zone.
6:24 of 2nd period - Pierre-Edouard Bellemare is hit by Cole Perfetti and loses puck.
7:05 of 2nd period - Icing by Mario Ferraro.
7:06 of 2nd period - Lars Eller wins face-off versus Alexander Wennberg in COLORADO GLACIERCATS zone.
7:17 of 2nd period - Shot by Mike Hoffman.
7:17 of 2nd period - Deflect By Lars Eller.
7:17 of 2nd period - Shot Blocked by Mario Ferraro.
7:19 of 2nd period - Shot by Blake Coleman.
7:19 of 2nd period - Shot Misses the Net.
8:09 of 2nd period - Shot by Tage Thompson.
8:09 of 2nd period - Shot Misses the Net.
8:19 of 2nd period - Shot by Anze Kopitar.
8:19 of 2nd period - Stopped by James Reimer with a rebound.
8:21 of 2nd period - Shot by Devon Toews.
8:21 of 2nd period - Shot Misses the Net.
8:23 of 2nd period - Shot by Anze Kopitar.
8:23 of 2nd period - Deflect By Tage Thompson.
8:23 of 2nd period - Goal by Tage Thompson - COLORADO GLACIERCATS : 1 - OKANAGAN RATTLESNAKES : 0.
8:24 of 2nd period - Leon Draisaitl wins face-off versus Casey Cizikas in neutral zone.
8:27 of 2nd period - Jeremy Lauzon is hit by Nino Niederreiter and loses puck.
9:03 of 2nd period - Off-side.
9:04 of 2nd period - Anze Kopitar wins face-off versus T.J. Oshie in neutral zone.
9:06 of 2nd period - Jamie Benn is hit by Esa Lindell and loses puck.
10:16 of 2nd period - Shot by Leon Draisaitl.
10:16 of 2nd period - Deflect By Adam Ruzicka.
10:16 of 2nd period - Shot Misses the Net.
10:19 of 2nd period - Icing by Colton Parayko.
10:20 of 2nd period - T.J. Oshie wins face-off versus Leon Draisaitl in OKANAGAN RATTLESNAKES zone.
10:46 of 2nd period - Shot by Tomas Hertl.
10:46 of 2nd period - Shot Misses the Net.
10:48 of 2nd period - Shot by Vladislav Gavrikov.
10:48 of 2nd period - Shot Misses the Net.
10:50 of 2nd period - Shot by Leon Draisaitl.
10:50 of 2nd period - Shot Misses the Net.
10:52 of 2nd period - Shot by Tomas Hertl.
10:52 of 2nd period - Stopped by James Reimer without a rebound.
10:53 of 2nd period - Anze Kopitar wins face-off versus Lars Eller in OKANAGAN RATTLESNAKES zone.
11:21 of 2nd period - Shot by Blake Coleman.
11:21 of 2nd period - Shot Misses the Net.
11:33 of 2nd period - Icing by Mike Hoffman.
11:34 of 2nd period - Leon Draisaitl wins face-off versus Lars Eller in OKANAGAN RATTLESNAKES zone.
11:37 of 2nd period - Shot by Leon Draisaitl.
11:37 of 2nd period - Shot Misses the Net.
12:08 of 2nd period - Off-side.
12:09 of 2nd period - Alexander Wennberg wins face-off versus Kevin Labanc in neutral zone.
12:15 of 2nd period - Icing by Casey Cizikas.
12:16 of 2nd period - Anze Kopitar wins face-off versus Casey Cizikas in OKANAGAN RATTLESNAKES zone.
12:31 of 2nd period - Shot by Stefan Noesen.
12:31 of 2nd period - Stopped by Andrei Vasilevskiy without a rebound.
12:32 of 2nd period - Leon Draisaitl wins face-off versus Oskar Sundqvist in COLORADO GLACIERCATS zone.
12:32 of 2nd period - Leon Draisaitl is hit by Pierre-Edouard Bellemare.
12:46 of 2nd period - Shot by Tomas Hertl.
12:46 of 2nd period - Shot Misses the Net.
13:39 of 2nd period - Icing by Devon Toews.
13:40 of 2nd period - Anze Kopitar wins face-off versus Lars Eller in COLORADO GLACIERCATS zone.
14:17 of 2nd period - Shot by Jamie Benn.
14:17 of 2nd period - Shot Misses the Net.
14:40 of 2nd period - Icing by Arber Xhekaj.
14:41 of 2nd period - Jujhar Khaira wins face-off versus Leon Draisaitl in OKANAGAN RATTLESNAKES zone.
14:47 of 2nd period - Minor Penalty to Arber Xhekaj for High sticking.
14:48 of 2nd period - Tage Thompson wins face-off versus Casey Cizikas in OKANAGAN RATTLESNAKES zone.
15:05 of 2nd period - Shot by Vince Dunn.
15:05 of 2nd period - Shot Misses the Net.
15:25 of 2nd period - Shot by Vince Dunn.
15:25 of 2nd period - Shot Misses the Net.
15:27 of 2nd period - Shot by Tomas Hertl.
15:27 of 2nd period - Shot Misses the Net.
15:29 of 2nd period - Shot by Vladislav Gavrikov.
15:29 of 2nd period - Stopped by James Reimer without a rebound.
15:30 of 2nd period - Anze Kopitar wins face-off versus Anders Lee in OKANAGAN RATTLESNAKES zone.
15:57 of 2nd period - Shot by Leon Draisaitl.
15:57 of 2nd period - Goal by Leon Draisaitl - COLORADO GLACIERCATS : 2 - OKANAGAN RATTLESNAKES : 0.
15:58 of 2nd period - Lars Eller wins face-off versus Alexander Wennberg in neutral zone.
16:06 of 2nd period - Shot by Bryan Rust.
16:06 of 2nd period - Deflect By Alexander Wennberg.
16:06 of 2nd period - Shot Blocked by Jordie Benn.
16:11 of 2nd period - Off-side.
16:12 of 2nd period - Oskar Sundqvist wins face-off versus Leon Draisaitl in neutral zone.
16:29 of 2nd period - Shot by Vince Dunn.
16:29 of 2nd period - Shot Blocked by Colton Parayko.
16:32 of 2nd period - Icing by Esa Lindell.
16:33 of 2nd period - Anze Kopitar wins face-off versus Oskar Sundqvist in OKANAGAN RATTLESNAKES zone.
16:44 of 2nd period - Shot by Tage Thompson.
16:44 of 2nd period - Shot Blocked by Colton Parayko.
16:50 of 2nd period - Shot by Tage Thompson.
16:50 of 2nd period - Stopped by James Reimer without a rebound.
16:51 of 2nd period - Leon Draisaitl wins face-off versus Jujhar Khaira in OKANAGAN RATTLESNAKES zone.
16:54 of 2nd period - Shot by Leon Draisaitl.
16:54 of 2nd period - Stopped by James Reimer without a rebound.
16:55 of 2nd period - Leon Draisaitl wins face-off versus T.J. Oshie in OKANAGAN RATTLESNAKES zone.
17:02 of 2nd period - Shot by Leon Draisaitl.
17:02 of 2nd period - Stopped by James Reimer without a rebound.
17:03 of 2nd period - Jujhar Khaira wins face-off versus Leon Draisaitl in OKANAGAN RATTLESNAKES zone.
17:21 of 2nd period - Shot by Anders Lee.
17:21 of 2nd period - Shot Blocked by Devon Toews.
17:23 of 2nd period - Shot by T.J. Oshie.
17:23 of 2nd period - Shot Blocked by Devon Toews.
17:48 of 2nd period - Tomas Hertl is hit by Josh Manson and loses puck.
18:04 of 2nd period - Icing by Kristopher Letang.
18:05 of 2nd period - Leon Draisaitl wins face-off versus Mike Hoffman in COLORADO GLACIERCATS zone.
18:23 of 2nd period - Icing by Colton Parayko.
18:24 of 2nd period - Lars Eller wins face-off versus Alexander Wennberg in OKANAGAN RATTLESNAKES zone.
18:29 of 2nd period - Off-side.
18:30 of 2nd period - Anze Kopitar wins face-off versus Kevin Labanc in neutral zone.
18:45 of 2nd period - Shot by Anze Kopitar.
18:45 of 2nd period - Stopped by James Reimer without a rebound.
18:46 of 2nd period - Alexander Wennberg wins face-off versus Lars Eller in OKANAGAN RATTLESNAKES zone.
19:08 of 2nd period - Shot by Bryan Rust.
19:08 of 2nd period - Shot Misses the Net.
19:16 of 2nd period - Shot by Cole Perfetti.
19:16 of 2nd period - Shot Misses the Net.
19:29 of 2nd period - Alexander Wennberg is hit by Esa Lindell and loses puck.
19:48 of 2nd period - Shot by T.J. Oshie.
19:48 of 2nd period - Stopped by Andrei Vasilevskiy with a rebound.
Goals for this period are 2 for COLORADO GLACIERCATS vs 0 for OKANAGAN RATTLESNAKES.
Shots for this period are 14 for COLORADO GLACIERCATS vs 3 for OKANAGAN RATTLESNAKES.

3rd period


0:01 of 3rd period - Jujhar Khaira wins face-off versus Nino Niederreiter in neutral zone.
0:14 of 3rd period - Shot by Leon Draisaitl.
0:14 of 3rd period - Stopped by James Reimer without a rebound.
0:15 of 3rd period - Anze Kopitar wins face-off versus Casey Cizikas in OKANAGAN RATTLESNAKES zone.
0:15 of 3rd period - Anze Kopitar is hit by Arber Xhekaj.
0:17 of 3rd period - Shot by Jamie Benn.
0:17 of 3rd period - Deflect By Tage Thompson.
0:17 of 3rd period - Goal by Tage Thompson - COLORADO GLACIERCATS : 3 - OKANAGAN RATTLESNAKES : 0.
0:18 of 3rd period - Jujhar Khaira wins face-off versus Anze Kopitar in neutral zone.
0:31 of 3rd period - Shot by Anders Lee.
0:31 of 3rd period - Stopped by Andrei Vasilevskiy without a rebound.
0:32 of 3rd period - Stefan Noesen wins face-off versus Leon Draisaitl in COLORADO GLACIERCATS zone.
0:35 of 3rd period - Shot by Kevin Labanc.
0:35 of 3rd period - Stopped by Andrei Vasilevskiy without a rebound.
0:36 of 3rd period - Jujhar Khaira wins face-off versus Leon Draisaitl in COLORADO GLACIERCATS zone.
0:36 of 3rd period - Colton Parayko is hit by Devon Toews and loses puck.
0:41 of 3rd period - Shot by T.J. Oshie.
0:41 of 3rd period - Deflect By Anders Lee.
0:41 of 3rd period - Shot Misses the Net.
0:56 of 3rd period - Jujhar Khaira is hit by Kristopher Letang and loses puck.
1:08 of 3rd period - Shot by T.J. Oshie.
1:08 of 3rd period - Shot Misses the Net.
1:10 of 3rd period - Shot by Colton Parayko.
1:10 of 3rd period - Shot Blocked by Kristopher Letang.
1:23 of 3rd period - Minor Penalty to Kristopher Letang for Roughing.
1:24 of 3rd period - Alexander Wennberg wins face-off versus Lars Eller in COLORADO GLACIERCATS zone.
2:33 of 3rd period - Off-side.
2:34 of 3rd period - Alexander Wennberg wins face-off versus Jujhar Khaira in neutral zone.
3:09 of 3rd period - Icing by Esa Lindell.
3:10 of 3rd period - Anze Kopitar wins face-off versus Jujhar Khaira in OKANAGAN RATTLESNAKES zone.
3:14 of 3rd period - Icing by Esa Lindell.
3:15 of 3rd period - Alexander Wennberg wins face-off versus Jujhar Khaira in OKANAGAN RATTLESNAKES zone.
3:31 of 3rd period - Shot by Lars Eller.
3:31 of 3rd period - Stopped by Andrei Vasilevskiy without a rebound.
3:32 of 3rd period - Anze Kopitar wins face-off versus Lars Eller in COLORADO GLACIERCATS zone.
3:53 of 3rd period - Shot by Tage Thompson.
3:53 of 3rd period - Shot Blocked by Arber Xhekaj.
3:55 of 3rd period - Shot by Anze Kopitar.
3:55 of 3rd period - Stopped by James Reimer without a rebound.
3:56 of 3rd period - Nino Niederreiter wins face-off versus Oskar Sundqvist in OKANAGAN RATTLESNAKES zone.
4:02 of 3rd period - Minor Penalty to Jeremy Lauzon for Slashing.
4:03 of 3rd period - Tage Thompson wins face-off versus Casey Cizikas in OKANAGAN RATTLESNAKES zone.
4:50 of 3rd period - Shot by Tage Thompson.
4:50 of 3rd period - Shot Misses the Net.
5:10 of 3rd period - Shot by Jamie Benn.
5:10 of 3rd period - Stopped by James Reimer with a rebound.
5:33 of 3rd period - Icing by Anze Kopitar.
5:34 of 3rd period - Anze Kopitar wins face-off versus Anders Lee in COLORADO GLACIERCATS zone.
6:13 of 3rd period - Shot by Cole Perfetti.
6:13 of 3rd period - Shot Misses the Net.
6:24 of 3rd period - Alexander Wennberg is hit by Jeremy Lauzon.
6:36 of 3rd period - Shot by Alexander Wennberg.
6:36 of 3rd period - Shot Blocked by Jeremy Lauzon.
6:38 of 3rd period - Shot by Cole Perfetti.
6:38 of 3rd period - Stopped by James Reimer with a rebound.
6:40 of 3rd period - Shot by Alexander Wennberg.
6:40 of 3rd period - Shot Misses the Net.
6:42 of 3rd period - Shot by Alexander Wennberg.
6:42 of 3rd period - Stopped by James Reimer without a rebound.
6:43 of 3rd period - Leon Draisaitl wins face-off versus Mike Hoffman in OKANAGAN RATTLESNAKES zone.
7:09 of 3rd period - Shot by Tomas Hertl.
7:09 of 3rd period - Shot Misses the Net.
7:25 of 3rd period - Shot by Tomas Hertl.
7:25 of 3rd period - Stopped by James Reimer without a rebound.
7:26 of 3rd period - Jujhar Khaira wins face-off versus Tage Thompson in OKANAGAN RATTLESNAKES zone.
8:03 of 3rd period - Icing by Vladislav Gavrikov.
8:04 of 3rd period - Jamie Benn wins face-off versus Casey Cizikas in COLORADO GLACIERCATS zone.
8:32 of 3rd period - Icing by Josh Manson.
8:33 of 3rd period - Casey Cizikas wins face-off versus Tomas Hertl in OKANAGAN RATTLESNAKES zone.
8:42 of 3rd period - Shot by Kevin Labanc.
8:42 of 3rd period - Stopped by Andrei Vasilevskiy without a rebound.
8:43 of 3rd period - Alexander Wennberg wins face-off versus Jujhar Khaira in COLORADO GLACIERCATS zone.
8:43 of 3rd period - Alexander Wennberg is hit by T.J. Oshie.
9:00 of 3rd period - Off-side.
9:01 of 3rd period - Leon Draisaitl wins face-off versus Lars Eller in neutral zone.
10:18 of 3rd period - Shot by Anders Lee.
10:18 of 3rd period - Stopped by Andrei Vasilevskiy without a rebound.
10:19 of 3rd period - Alexander Wennberg wins face-off versus Casey Cizikas in COLORADO GLACIERCATS zone.
10:36 of 3rd period - Shot by Bryan Rust.
10:36 of 3rd period - Stopped by James Reimer with a rebound.
10:38 of 3rd period - Shot by Bryan Rust.
10:38 of 3rd period - Stopped by James Reimer without a rebound.
10:39 of 3rd period - Anze Kopitar wins face-off versus Oskar Sundqvist in OKANAGAN RATTLESNAKES zone.
10:42 of 3rd period - Shot by Jamie Benn.
10:42 of 3rd period - Shot Misses the Net.
10:47 of 3rd period - Colton Parayko is hit by Vince Dunn and loses puck.
10:52 of 3rd period - Shot by Nazem Kadri.
10:52 of 3rd period - Shot Misses the Net.
11:07 of 3rd period - Oskar Sundqvist is hit by Vladislav Gavrikov and loses puck.
11:34 of 3rd period - Jamie Benn is hit by Jujhar Khaira and loses puck.
11:42 of 3rd period - Shot by Anders Lee.
11:42 of 3rd period - Shot Misses the Net.
11:47 of 3rd period - Jujhar Khaira is hit by Vladislav Gavrikov and loses puck.
12:35 of 3rd period - Off-side.
12:36 of 3rd period - Leon Draisaitl wins face-off versus Lars Eller in neutral zone.
13:24 of 3rd period - Leon Draisaitl is hit by Blake Coleman and loses puck.
14:15 of 3rd period - Shot by Bryan Rust.
14:15 of 3rd period - Stopped by James Reimer without a rebound.
14:16 of 3rd period - Adam Ruzicka wins face-off versus Jujhar Khaira in OKANAGAN RATTLESNAKES zone.
14:25 of 3rd period - Shot by Anders Lee.
14:25 of 3rd period - Shot Misses the Net.
14:27 of 3rd period - Shot by Jujhar Khaira.
14:27 of 3rd period - Shot Blocked by Devon Toews.
14:33 of 3rd period - Shot by Jujhar Khaira.
14:33 of 3rd period - Shot Misses the Net.
14:35 of 3rd period - Shot by Jeremy Lauzon.
14:35 of 3rd period - Shot Misses the Net.
14:37 of 3rd period - Shot by Jeremy Lauzon.
14:37 of 3rd period - Shot Misses the Net.
14:39 of 3rd period - Shot by Anders Lee.
14:39 of 3rd period - Shot Misses the Net.
14:41 of 3rd period - Shot by T.J. Oshie.
14:41 of 3rd period - Shot Misses the Net.
14:43 of 3rd period - Shot by Josh Manson.
14:43 of 3rd period - Shot Misses the Net.
15:17 of 3rd period - Minor Penalty to Nazem Kadri for Interference.
15:18 of 3rd period - Casey Cizikas wins face-off versus Tage Thompson in OKANAGAN RATTLESNAKES zone.
15:43 of 3rd period - Shot by Tomas Hertl.
15:43 of 3rd period - Shot Misses the Net.
15:45 of 3rd period - Shot by Vince Dunn.
15:45 of 3rd period - Shot Misses the Net.
15:47 of 3rd period - Shot by Tage Thompson.
15:47 of 3rd period - Shot Blocked by Colton Parayko.
15:49 of 3rd period - Shot by Vladislav Gavrikov.
15:49 of 3rd period - Stopped by James Reimer with a rebound.
15:51 of 3rd period - Shot by Vladislav Gavrikov.
15:51 of 3rd period - Stopped by James Reimer without a rebound.
15:52 of 3rd period - Anders Lee wins face-off versus Anze Kopitar in OKANAGAN RATTLESNAKES zone.
18:05 of 3rd period - Icing by Colton Parayko.
18:06 of 3rd period - Alexander Wennberg wins face-off versus Pierre-Edouard Bellemare in OKANAGAN RATTLESNAKES zone.
18:28 of 3rd period - Icing by Vladislav Gavrikov.
18:29 of 3rd period - Alexander Wennberg wins face-off versus Lars Eller in COLORADO GLACIERCATS zone.
19:26 of 3rd period - Tomas Hertl is hit by Mike Hoffman and loses puck.
19:50 of 3rd period - Icing by Devon Toews.
19:51 of 3rd period - Leon Draisaitl wins face-off versus T.J. Oshie in COLORADO GLACIERCATS zone.
19:51 of 3rd period - Leon Draisaitl is hit by T.J. Oshie.
Goals for this period are 1 for COLORADO GLACIERCATS vs 0 for OKANAGAN RATTLESNAKES.
Shots for this period are 12 for COLORADO GLACIERCATS vs 5 for OKANAGAN RATTLESNAKES.


BLAKE
WHEELER
STEVEN
STAMKOS
DREW
DOUGHTY

EAST COAST

HOCKEY LEAGUE

  • 63.RHI2PIT5
  • 64.WOR4ATL3
  • 65.QUECHW
  • 66.CHATRV